 Dungeon Crawl Stone Soup version 0.28.0-43-g3370ac3207 (webtiles) character file.

Game seed: 3664405582814325901

4 pkoi the Caller (level 1, 0/14 HPs)
             Began as a Demigod Summoner on Mar 24, 2022.
             Slain by a quokka (1 damage)
             ... on level 1 of the Dungeon.
             The game lasted 00:01:00 (499 turns).

pkoi the Caller (Demigod Summoner)                   Turns: 499, Time: 00:01:01

Health: 0/14       AC:  2    Str:  9    XL:     1   Next: 46%
Magic:  2/5        EV: 12    Int: 17    God:
Gold:   0          SH:  0    Dex: 14    Spells: 2/3 levels left

rFire   . . .      SeeInvis .   b - +0 dagger
rCold   . . .      Faith    .   (no shield)
rNeg    . . .      Spirit   .   a - +0 robe
rPois   .          Reflect  .   (no helmet)
rElec   .          Harm     .   (no cloak)
rCorr   .          Rampage  .   (no gloves)
Will    .....                   (no boots)
Stlth   ++........              (no amulet)
HPRegen 0.04/turn               (no ring)
MPRegen 0.09/turn               (no ring)

@: no status effects
A: high MP 1, forlorn, divine attributes
a: no special abilities


You were on level 1 of the Dungeon.
You visited 1 branch of the dungeon, and saw 1 of its levels.

Inventory:

Hand Weapons
 b - a +0 dagger (weapon)
Armour
 a - a +0 robe (worn)
Scrolls
 c - a scroll of identify {unknown}


   Skills:
 - Level 1.7 Dodging
 - Level 1.7 Stealth
 + Level 0.2 Unarmed Combat
 + Level 1.8 Spellcasting
 * Level 3.7 Summonings


You had 2 spell levels left.
You knew the following spells:

 Your Spells              Type           Power      Damage    Failure   Level
a - Summon Small Mammal   Summ           56%        N/A       4%          1

Your spell library contained the following spells:

 Spells                   Type           Power      Damage    Failure   Level
 Call Imp                 Summ           14%        N/A       6%          2
 Call Canine Familiar     Summ           14%        N/A       13%         3
 Summon Guardian Golem    Hex/Summ       7%         N/A       26%         3
 Summon Lightning Spire   Summ/Air       7%         N/A       65%         4


Dungeon Overview and Level Annotations

Branches:
Dungeon (1/15)


Innate Abilities, Weirdness & Mutations

You have an increased reservoir of magic. (+10% MP)
You shall have no god before yourself.
Your divine heritage dramatically boosts your attributes as you level up.


Message History

The bat closely misses you.
Your bat hits the dart slug.
Your bat hits the dart slug but does no damage.
The bat hits you but does no damage.
The quokka twitches its whiskers.
Your bat hits the dart slug but does no damage.
The quokka barely misses you.
Your bat hits the dart slug. x2; The bat hits you but does no damage.
The bat barely misses you.
Your bat hits the dart slug but does no damage.
The quokka twitches its whiskers.
The bat closely misses you. The dart slug closely misses your bat.
Your bat hits the dart slug but does no damage.
The bat hits you but does no damage. The dart slug bites your bat.
The quokka bites you.
* * * LOW HITPOINT WARNING * * *
Casting: Summon Small Mammal (safe; 4% risk of failure)
Confirm with . or Enter, or press ? or * to list all spells.
Your bat barely misses the dart slug.
The bat closely misses you. The bat hits your rat.
The quokka bites you but does no damage.
Unknown command.
Casting: Summon Small Mammal (safe; 4% risk of failure)
Confirm with . or Enter, or press ? or * to list all spells.
Your bat disappears in a puff of smoke!
The bat closely misses your rat. The bat barely misses your rat.
The bat hits your rat. The quokka misses you.
The dart slug launches a dart at your rat.
The slug dart hits your rat.
Your rat dies!
Your rat's corpse disappears in a puff of smoke!
You swap places.
The quokka bites your rat.
Your rat dies!
Your rat's corpse disappears in a puff of smoke!
The quokka barely misses you.
There is an open door here.
Casting: Summon Small Mammal (safe; 4% risk of failure)
Confirm with . or Enter, or press ? or * to list all spells.
The bat completely misses your quokka. The bat hits your quokka.
The quokka bites you.
You die...

#.....[.†.....##
#.................##
##########..........#
##8.8###...#........
#......#..###.......
#......#K## #.......
##..8...#.# .......
#8......#b# ......
#<.....@rr# #.#
#8......### ##..8...#
#......# #......#
##8.8### #####


You could see a quokka (ally target), a bat and a friendly quokka (summoned).

Vanquished Creatures
  A quokka (D:1)
  A bat (D:1)
2 creatures vanquished.

Vanquished Creatures (collateral kills)
  An endoplasm (D:1)
  A goblin (D:1)
2 creatures vanquished.

Grand Total: 4 creatures vanquished

Notes
Turn   | Place    | Note
-------+----------+-------------------------------------------
     0 | D:1      | pkoi the Demigod Summoner began the quest for the Orb.
     0 | D:1      | Reached XP level 1. HP: 14/14 MP: 5/5
   499 | D:1      | Slain by a quokka

Illustrated notes

Levels and vault maps discovered:
D:1:      mrwooster_arrival_statue_3, layout_rooms,
          shapermc_ecumenical_altar_mp_urbaneastern, minmay_misc_feat_alley

Action                   || total
-------------------------++-------
Melee: Dagger            ||     9
       Unarmed           ||     4
 Cast: Summon Small Mamm ||    10
Armor: Robe              ||     9
Dodge: Dodged            ||    31
